 Dungeon Crawl Stone Soup version 0.19-a0-1025-g778f431 (webtiles) character file.

3917 mrath the Covert (level 10, -2/49 HPs)
             Began as a Spriggan Enchanter on July 28, 2016.
             Was a Follower of Vehumet.
             Slain by a griffon (6 damage)
             ... on level 1 of the Lair of Beasts on July 29, 2016.
             The game lasted 01:03:20 (12741 turns).

mrath the Covert (Spriggan Enchanter)              Turns: 12741, Time: 01:03:21

Health: -2/49      AC:  4    Str:  4    XL:     10   Next: 1%
Magic:  18/22      EV: 22    Int: 23    God:    Vehumet [*.....]
Gold:   432        SH:  0    Dex: 17    Spells: 6 memorised, 10 levels left

rFire  + . .     SeeInvis +     E - +8 rapier "Pupou" {flame, *Corrode rF+ rC+++ Int+3 Stlth+}
rCold  + + +     Gourm    .     b - +2 robe
rNeg   . . .     Faith    .     (shield restricted)
rPois  .         Spirit   .     (helmet restricted)
rElec  .         Dismiss  .     (no cloak)
rCorr  .         Reflect  .     (gloves unavailable)
SustAt .         Harm     .     (boots unavailable)
MR     +....                    (no amulet)
Stlth  ++++++....               (no ring)
                                (no ring)

@: very quick, somewhat resistant to hostile enchantments, very stealthy
A: unfitting armour, see invisible, herbivore 3, speed 3, slow metabolism 2
a: Renounce Religion


You were on level 1 of the Lair of Beasts.
You worshipped Vehumet.
Vehumet was aware of your devotion.
You were not hungry.

You visited 3 branches of the dungeon, and saw 10 of its levels.

You collected 432 gold pieces.

Inventory:

Hand Weapons
 E - the +8 rapier "Pupou" (weapon) {flame, *Corrode rF+ rC+++ Int+3 Stlth+}
   (You found it on level 4 of the Dungeon)

   It has been specially enchanted to burn those struck by it, causing extra
   injury to most foes and up to half again as much damage against particularly
   susceptible opponents.
   It affects your intelligence (+3).
   It protects you from fire.
   It renders you almost immune to cold.
   It may corrode you when you take damage.
   It makes you more stealthy.
 S - a +1 blowgun
Missiles
 a - 4 tomahawks (quivered)
 h - 218 stones
 m - 36 poisoned needles
 x - a throwing net
 y - 2 needles of frenzy
 D - 4 needles of sleeping
 L - 2 curare-tipped needles
Armour
 b - a +2 robe (worn)
 N - the +1 buckler "Hixoj" {Slay+2}
   (You found it on level 8 of the Dungeon)

   It affects your accuracy and damage with ranged weapons and melee attacks
   (+2).
Magical Staves
 P - an uncursed staff of power
Jewellery
 g - a +2 ring of protection {unknown}
 l - an uncursed amulet of rage
 q - a cursed amulet of inaccuracy {unknown}
 A - an uncursed ring of fire
 H - an uncursed amulet of magic regeneration {unknown}
Wands
 e - a wand of polymorph (24/24)
Scrolls
 f - a scroll of enchant armour
 i - a scroll of fear
 v - a scroll of magic mapping
 G - 3 scrolls of teleportation
 I - a scroll of recharging
 M - 2 scrolls of remove curse
Potions
 j - a potion of flight {unknown}
 k - 4 potions of curing
 n - a potion of cure mutation {unknown}
 p - a potion of ambrosia {unknown}
 r - a potion of degeneration {unknown}
 s - a potion of haste {unknown}
 z - a potion of invisibility {unknown}
 B - a potion of resistance {unknown}
 F - a potion of lignification {unknown}
 J - 2 potions of might {unknown}
 T - a potion of heal wounds {unknown}
Comestibles
 c - 6 fruits
 d - 2 bread rations


   Skills:
 + Level 3.7 Fighting
 + Level 5.2 Short Blades
 + Level 3.6 Armour
 + Level 6.8 Dodging
 + Level 8.5 Stealth
 + Level 7.4 Spellcasting
 + Level 1.8 Conjurations
 + Level 8.1 Hexes
 + Level 5.2 Evocations


You had 10 spell levels left.
You knew the following spells:

 Your Spells              Type           Power        Failure   Level  Hunger
a - Corona                Hex            #####..      1%          1    None
b - Ensorcelled Hibernat  Hex/Ice        ####..       2%          2    None
c - Confuse               Hex            #####...     1%          3    None
d - Tukima's Dance        Hex            #####...     1%          3    None
e - Dazzling Spray        Conj/Hex       ####..       3%          3    None
f - Magic Dart            Conj           ###.         3%          1    None


Dungeon Overview and Level Annotations

Branches:
Dungeon (8/15)             Temple (1/1) D:7            Lair (1/6) D:8

Altars:
Ashenzari
Cheibriados
Dithmenos
Elyvilon
Fedhas
Gozag
Hepliaklqana
Kikubaaqudgha
Makhleb
Nemelex Xobeh
Okawaru
Pakellas
Qazlal
Ru
Sif Muna
Trog
Uskayaw
Vehumet
Xom
Yredelemnul
Zin
The Shining One

Shops:
D:5 :   D:6 [(

Annotations:
D:7 happinesssam's ghost, novice HEFi


Innate Abilities, Weirdness & Mutations

You are tiny and cannot use many weapons and most armour.
You have supernaturally acute eyesight. (SInv)
You are a herbivore.
You cover ground extremely quickly.
You need consume almost no food.


Message History

Aiming: Corona
Press: ? - help, Shift-Dir - straight line, f/p - griffon
Aim: a griffon (severely wounded, chance to defeat MR: 65%)
The griffon is outlined in light.
The griffon completely misses you. The griffon pecks you.
* * * LOW HITPOINT WARNING * * *
The griffon completely misses you.
You hit the griffon. You burn the griffon.
The griffon is almost dead.
The griffon completely misses you. The griffon pecks you.
* * * LOW HITPOINT WARNING * * *
The griffon claws you but does no damage.
You hit the griffon but do no damage.
The griffon is almost dead.
The griffon misses you. x2; The griffon claws you!
* * * LOW HITPOINT WARNING * * *
You hit the griffon. You burn the griffon.
The griffon is almost dead.
The griffon bites you.
You die...

# ##....# #....#
##.###....## .#....#
#.....#.....
.....###...+.....##
+..... +.. ###...##
#....# P#+# ##...## ...
#....####.# #P...##
....##.H..P#.#.####...##
.......@................
........)...............
........................
....................รท...
######..................
#.................#
#....#####.##.....#
#....# #.##.....# #....#
..##.....#


You could see a griffon.

Vanquished Creatures
  A black mamba (Lair:1)
  A rime drake (Lair:1)
  A basilisk (Lair:1)
  A yak (Lair:1)
  2 porcupines (Lair:1)
  2 orc warriors
  4 sky beasts
  A black bear (Lair:1)
  An ogre (D:7)
  2 crocodiles
  A big kobold (D:8)
  4 giant frogs
  3 scorpions
  A howler monkey (D:8)
  2 centaur zombies
  5 crimson imps
  3 hounds
  2 giant frog skeletons (D:4)
  A jelly (D:6)
  4 orc wizards
  3 centaur skeletons
  An orc priest (D:8)
  A gnoll shaman (D:4)
  7 worker ants
  An iguana (D:8)
  A killer bee zombie (D:6)
  2 hound skeletons
  10 gnolls
  6 adders
  3 oozes
  An adder skeleton (D:7)
  4 worms
  4 dart slugs
  4 giant geckos
  19 orcs
  6 giant cockroaches
  5 goblins
  14 hobgoblins
  9 jackals
  7 quokkas
  2 ball pythons
  5 bats
  7 giant newts
  A jackal skeleton (D:5)
  16 kobolds
  A quokka zombie (D:7)
  5 rats
187 creatures vanquished.

Notes
Turn   | Place    | Note
-------+----------+-------------------------------------------
     0 | D:1      | mrath the Spriggan Enchanter began the quest for the Orb.
     0 | D:1      | Reached XP level 1. HP: 9/9 MP: 5/5
   481 | D:1      | Reached XP level 2. HP: 3/13 MP: 4/6
  1706 | D:1      | Learned a level 2 spell: Ensorcelled Hibernation
  1726 | D:2      | Reached XP level 3. HP: 13/16 MP: 6/8
  2371 | D:2      | Found a shattered altar of Ashenzari.
  2762 | D:2      | Learned a level 3 spell: Confuse
  2899 | D:2      | Reached XP level 4. HP: 19/21 MP: 8/11
  3762 | D:3      | Found a snail-covered altar of Cheibriados.
  3764 | D:3      | Reached skill level 5 in Hexes
  5292 | D:3      | Reached XP level 5. HP: 23/24 MP: 7/13
  5680 | D:4      | HP: 1/24 [giant frog skeleton (6)]
  5687 | D:4      | HP: 1/24 [giant frog skeleton (1)]
  6252 | D:4      | Got a fine rapier
  6266 | D:3      | Identified the +8 rapier of the Dark Horse {pain, rC+ MR- MP+9 Stlth+} (You found it on level 4 of the Dungeon)
  6270 | D:4      | Reached skill level 5 in Spellcasting
  6355 | D:4      | Learned a level 3 spell: Tukima's Dance
  6515 | D:4      | Reached skill level 1 in Evocations
  6627 | D:4      | Reached XP level 6. HP: 26/29 MP: 14/14
  6749 | D:4      | Reached skill level 5 in Stealth
  6890 | D:4      | Reached skill level 1 in Fighting
  6890 | D:4      | Reached skill level 1 in Armour
  7041 | D:4      | Got a dazzling rapier
  7070 | D:4      | Found a burning altar of Makhleb.
  7200 | D:4      | Reached XP level 7. HP: 33/33 MP: 16/16
  7394 | D:5      | Entered Level 5 of the Dungeon
  7660 | D:5      | Found Rujuod's Book Shoppe.
  7850 | D:5      | Found an oddly glowing altar of Pakellas.
  7918 | D:5      | Learned a level 3 spell: Dazzling Spray
  8334 | D:6      | Found Hotya's Armour Emporium.
  8590 | D:6      | Reached XP level 8. HP: 35/39 MP: 18/18
  8944 | D:6      | Found Ratex's Antique Weapon Emporium.
  9562 | D:7      | Noticed happinesssam's ghost (novice HEFi)
  9711 | D:7      | Found a staircase to the Ecumenical Temple.
  9733 | Temple   | Entered the Ecumenical Temple
  9926 | Temple   | Became a worshipper of Vehumet
 10000 | D:7      | Reached skill level 5 in Dodging
 10306 | D:7      | Found a sparkling altar of Nemelex Xobeh.
 11009 | D:8      | Reached XP level 9. HP: 44/44 MP: 20/20
 11015 | D:8      | Got a pitted buckler
 11186 | D:8      | Found a staircase to the Lair.
 11277 | D:8      | Reached * piety under Vehumet
 11277 | D:8      | Offered knowledge of Magic Dart by Vehumet.
 11288 | D:8      | Learned a level 1 spell: Magic Dart
 11403 | D:8      | Identified the +8 rapier "Pupou" {flame, *Corrode rF+ rC+++ Int+3 Stlth+} (You found it on level 4 of the Dungeon)
 11478 | Temple   | Identified the +1 buckler "Hixoj" {Slay+2} (You found it on level 8 of the Dungeon)
 11742 | D:8      | Reached skill level 1 in Conjurations
 12160 | Lair:1   | Entered Level 1 of the Lair of Beasts
 12160 | Lair:1   | Noticed a black mamba
 12166 | Lair:1   | Killed a black mamba
 12407 | Lair:1   | Reached skill level 5 in Short Blades
 12407 | Lair:1   | Reached skill level 5 in Evocations
 12477 | Lair:1   | Noticed a rime drake
 12480 | Lair:1   | Killed a rime drake
 12659 | Lair:1   | Reached XP level 10. HP: 40/49 MP: 19/22
 12726 | Lair:1   | Noticed a griffon
 12741 | Lair:1   | Slain by a griffon

Vault maps used:
D:1:      eino_arrival_cavern_e
D:2:      ashenzari_conservatory_becter, grunt_ministairs_5
D:3:      mumra_celtic_spiral_tile, marbit_many_paths, grunt_ministairs_11,
          st_stairs_11
D:4:      makhleb_heckhound_becter
D:5:      first_bread, serial_shops, nicolae_shop_waterfront,
          grunt_pakellas_mercury
D:6:      serial_shops, nicolae_shop_stone, nicolae_shop_behind_doors
D:7:      nemelex_xobeh_ov_fountains_minmay
D:8:      kennysheep_spiral_hall, lair_0_dummy
Temple:   dpeg_five_rooms_temple
Lair:1:   serial_bayou_pond_d, grunt_forest_small_clearings

Skill      XL: |  1  2  3  4  5  6  7  8  9 |
---------------+----------------------------+-----
Hexes          | 4 5 6 7 8 |  8.1
Spellcasting   | 3 4 5 6 7 |  7.4
Evocations     | 1 2 4 5 |  5.2
Stealth        | 5 6 7 8 |  8.5
Fighting       | 1 2 3 |  3.7
Short Blades   | 2 3 4 5 |  5.2
Armour         | 1 2 3 |  3.6
Dodging        | 4 5 6 |  6.8
Conjurations   | 1 |  1.8

Action                   |  1- 3 |  4- 6 |  7- 9 | 10-12 || total
-------------------------+-------+-------+-------+-------++-------
Melee: Dagger            |   159 |   185 |       |       ||   344
       Rapier            |       |    31 |   166 |     6 ||   203
 Cast: Corona            |    25 |    17 |    19 |     1 ||    62
       Ensorcelled Hiber |     8 |    43 |    56 |     2 ||   109
  Use: Scroll            |       |     7 |     8 |       ||    15
       Potion            |       |     1 |       |       ||     1
 Stab: Sleeping          |    11 |    44 |    50 |     1 ||   106
  Eat: Bread ration      |       |     1 |       |       ||     1
       Pizza             |       |       |     2 |       ||     2
       Fruit             |       |       |     1 |       ||     1
Armor: Robe              |    15 |    29 |    12 |     2 ||    58
Dodge: Dodged            |   110 |   198 |   117 |     9 ||   434
